 Dungeon Crawl Stone Soup version 0.32-a0-975-g85d4e5bfdb (webtiles) character file.

Game seed: 2714083581520997781

10139 kae the Mimic (level 11, -6/81 HPs)
             Began as a Demonspawn Shapeshifter on Apr 18, 2024.
             Was an Initiate of Ru.
             Killed from afar by an efreet (19 damage)
             ... with a bolt of fire
             ... on level 9 of the Dungeon.
             The game lasted 00:12:08 (11851 turns).

kae the Mimic (Demonspawn Shapeshifter)            Turns: 11851, Time: 00:12:08

Health: -6/81      AC:  5    Str: 22    XL:     11   Next: 32%
Magic:  11/11      EV: 19    Int: 10    God:    Ru [......]
Gold:   533        SH:  0    Dex: 22    Spells: 4/10 levels left

rFire   . .          .
                       - Unarmed
rCold   . . .        (shield currently unavailable)
rNeg    . . .        a - melded +0 animal skin
rPois   .            (helmet restricted)
rElec   .            u - +1 cloak
rCorr   .            (no gloves)
SInv    .            (no boots)
Will    .....        (no amulet)
Stlth   +            d - +6 ring of dexterity
HPRegen 0.33/turn    S - +6 ring of strength
MPRegen 0.12/turn

%: no passive effects
@: flux-form, glowing
A: glow, contaminating, horns 1, thin metallic scales 2, foul stench 1, icemail
1, condensation shield
a: Begin Untransformation, Renounce Religion


You were on level 9 of the Dungeon.
You worshipped Ru.
Ru was noncommittal.
You were something dangerously unstable.
You visited 2 branches of the dungeon, and saw 10 of its levels.
You also visited: Sewer.

You collected 533 gold pieces.


Innate Abilities, Weirdness & Mutations

You are something dangerously unstable.
You glow with magical radiation, making you easy to see and hit.
Foes you strike become dangerously contaminated with magical radiation.
You are incapable of wielding weapons or throwing items.
You have a pair of small horns on your head.
You are mostly covered in thin metallic scales. (AC +3)
You may rarely emit foul miasma when damaged in melee.
A meltable icy envelope protects you from harm. (AC +0)
A meltable shield of frost defends you. (SH +0)


   Skills:
 + Level 5.8 Fighting
 + Level 5.6 Dodging
 + Level 8.7 Unarmed Combat
 - Level 3.3 Translocations
 * Level 11.0 Shapeshifting


You had 4 spell levels left.
You knew the following spells:

 Your Spells              Type           Power      Damage    Failure   Level
a - Blink                 Tloc           12%        N/A       14%         2
b - Lesser Beckoning      Tloc           12%        N/A       14%         2
c - Momentum Strike       Conj/Tloc      6%         3d8       28%         2

Your spell library contained the following spells:

 Spells                   Type           Power      Damage    Failure   Level
 Teleport Other           Tloc           6%         N/A       28%         3
 Foxfire                  Conj/Fire      0%         2x1d4     36%         1
 Freeze                   Ice            0%         1d3       36%         1
 Ensorcelled Hibernation  Hex/Ice        0%         N/A       50%         2
 Sublimation of Blood     Necr           0%         N/A       50%         2
 Call Canine Familiar     Summ           0%         N/A       75%         3
 Frozen Ramparts          Ice            0%         1d1       75%         3
 Hailstorm                Conj/Ice       0%         3d5       75%         3
 Passwall                 Erth           0%         N/A       75%         3
 Sigil of Binding         Hex            0%         N/A       75%         3
 Swiftness                Air            0%         N/A       75%         3
 Dimensional Bullseye     Hex/Tloc       1%         N/A       88%         4
 Leda's Liquefaction      Alch/Erth      0%         N/A       98%         4
 Petrify                  Alch/Erth      0%         N/A       98%         4
 Curse of Agony           Necr           0%         N/A       100%        5
 Irradiate                Conj/Alch      0%         3d11      100%        5
 Lee's Rapid Deconstruct  Erth           0%         3d4*      100%        5
 Dispersal                Tloc           3%         N/A       100%        6
 Gell's Gavotte           Tloc           3%         2d(12-18) 100%        6
 Permafrost Eruption      Ice/Erth       0%         2x4d1     100%        6
 Plasma Beam              Fire/Air       0%         2x1d10    100%        6
 Starburst                Conj/Fire      0%         6d3       100%        6
 Rimeblight               Ice/Necr       0%         2d3       (prima100%   7
 Fulsome Fusillade        Conj/Alch      0%         (3-5)d4   100%        8

Inventory:

Missiles
 g - 3 curare-tipped darts {=f}
 i - 88 stones (quivered)
 o - 41 poisoned darts
 s - 12 boomerangs
 z - 5 throwing nets {=f!f}
 G - 3 atropa-tipped darts
Armour
 a - a +0 animal skin (melded)
 u - a +1 cloak (worn)
   (You found it on level 4 of the Dungeon)
 w - a +0 crystal plate armour {rare}
   (You found it on level 5 of the Dungeon)
Magical Staves
 e - a staff of alchemy {!a}
   (You found it on level 1 of the Dungeon)
 q - a staff of air {!a}
   (You found it on level 2 of the Dungeon)
 J - a staff of conjuration {!a}
   (You found it on level 9 of the Dungeon)
Jewellery
 d - a +6 ring of dexterity (left hand)
   (You found it on level 7 of the Dungeon)
 v - the ring of Pragmatism {+Blink rPois Int+3}
   (You found it on level 5 of the Dungeon)

   [ring of poison resistance]

   Int+3:     It affects your intelligence (+3).
   rPois:     It protects you from poison.
   +Blink:    It lets you blink.
 C - a ring of protection from cold
   (You found it on level 9 of the Dungeon)
 S - a +6 ring of strength (right hand)
   (You found it on level 5 of the Dungeon)
Talismans
 c - a beast talisman
 D - a flux talisman (active)
Wands
 y - a wand of flame (6)
   (You found it on level 6 of the Dungeon)
 B - a wand of roots (7)
   (You found it on level 6 of the Dungeon)
 E - a wand of paralysis (14)
   (You found it on level 8 of the Dungeon)
Scrolls
 l - a scroll of torment {!r}
 r - a scroll of revelation
 t - a scroll of immolation {!r!r}
 F - 2 scrolls of butterflies
 H - a scroll of enchant weapon
Potions
 b - a potion of lignification {!q}
 f - 4 potions of magic {unknown}
 h - 2 potions of heal wounds {@q2}
 j - 3 potions of resistance
 k - 3 potions of mutation {!q}
 m - a potion of ambrosia
 n - 2 potions of cancellation
 p - 2 potions of brilliance {unknown}
 x - a potion of might
 A - 3 potions of curing {@q1}

Dungeon Overview and Level Annotations

Branches:
Dungeon (9/15) Zot: 24921  Temple (1/1) D:5 Zot: 5998   Sewer (visited)
   Lair: D:8-11         Orc: D:9-12

Altars:
Ashenzari
Cheibriados
Dithmenos
Fedhas
Gozag
Hepliaklqana
Kikubaaqudgha
Makhleb
Nemelex Xobeh
Okawaru
Qazlal
Ru
Sif Muna
Trog
Uskayaw
Vehumet
Wu Jian
Xom
Yredelemnul

Annotations:
D:2 1 runed translucent door, Crazy Yiuf
D:3 2 transporters, Autsider's ghost, amateur VSBe; Natasha
D:4 2 runed translucent doors, hsi's ghost, amateur DjAl

####.##.# ♣.♣♣♣..♣♣.♣♣♣#
........# ♣.♣ ♣....♣♣
####....####### ## #.#### #
####.#.♣.♣.# ♣.♣♣♣♣♣♣♣ ♣♣
#######.#♣.♣.♣# ♣.......♣#♣.
.....)..#.♣.♣.#♣♣♣♣
♣♣♣♣♣♣♣.♣#.#
#####.#.#♣.♣.♣#♣.. ♣.♣#)#
#...#.♣.♣.#♣.♣♣♣♣♣♣♣ ♣.♣#)#
###.#♣.♣§♣#♣p§...... ♣.♣#)#
#.#♣♣§§§#§.♣.####. ♣.♣#)#
#....§§R§§§♣ # ♣....#
######.#♣♣§§§#§§♣ ♣.♣#.#
#......#♣.♣§§#♣§♣ ♣.♣#.#
#.####.#.♣.♣.#♣.♣ ♣.♣#.#
##.# #†#♣.♣.♣#♣.♣ ♣.♣#.#
...#
##.#.♣.♣.#♣.♣♣♣♣♣♣♣♣♣♣♣.♣#.#
.#.#
#..#♣.♣.♣#♣.............♣#♣.


You could see an efreet.


Message History

The kobold brigand shudders as magic cascades through it!
The kobold brigand twists and deforms.
Your headbutt misses the kobold brigand.
The kobold brigand hits you with a +0 whip.
You closely miss the kobold brigand.
The kobold brigand hits you but does no damage.
There are monsters nearby! 😕 HP[-2]
You take 2 damage, and now have 79/81 hp.
You barely miss the kobold brigand. You headbutt the kobold brigand.
You kill the kobold brigand!
You closely miss the kobold.
You headbutt the kobold, but do no damage.
A kobold is nearby!
You hit the kobold.
You kill the kobold!
No target in view! 😕 HP[+1]
You now have 516 gold pieces (gained 7).
i - 88 stones (gained 7)
Things that are here:
a +0 short sword; a kobold corpse
o - 41 poisoned darts (gained 3)
Things that are here:
a +0 falchion; a +0 whip; a kobold corpse 😎 HP[+1]
Your hp is fully restored (81).
Press: ? - help, v - describe, . - travel A sacrificial altar of Ru.
Things that are here:
a +0 falchion; a +0 whip; a kobold corpse
Things that are here:
a +0 short sword; a kobold corpse
There is an open door here.
There is a hide-covered altar of Uskayaw here.
There is a sacrificial altar of Ru here.
You kneel at the altar of Ru.
Ru welcomes you!
Unknown command.
Press < or > to pray at altars.
There is a fountain of clear blue water here.
There is an open door here.
You now have 533 gold pieces (gained 17).
Found a stone staircase leading down.
Key pressed, stopping explore.
An efreet comes into view.
It is wielding a +1 scimitar of flaming.
An efreet is nearby!
An efreet is nearby!
An efreet is nearby!
The efreet gestures at you. The bolt of fire misses you.
The efreet gestures at you. The bolt of fire misses you.
The efreet gestures at you.
The fireball explodes!
The fireball engulfs you!!
Your icy defences dissipate!
The tree burns like a torch!
A bullfrog comes into view.
The bullfrog gives a loud, deep croak!
No reachable target in view! 😕 HP[-19]
You take 19 damage, and now have 62/81 hp.
MASSIVE DAMAGE!! (PAUSE)
You are engulfed in blazing flames.
* * * LOW HITPOINT WARNING * * *
😨 HP[-31]
You take 31 damage, and now have 31/81 hp.
MASSIVE DAMAGE!! (PAUSE)
The bullfrog is engulfed in blazing flames.
The efreet gestures at you.
The fireball explodes!
The fireball engulfs you!!
* * * LOW HITPOINT WARNING * * *
The tree burns like a torch!
The bullfrog is engulfed in a forest fire.
You hear a shout!
Unknown command. 😱 HP[-18]
You take 18 damage, and now have 13/81 hp.
MASSIVE DAMAGE!! (PAUSE)
As you read the scroll labelled IHAXIA UXYEMM, it crumbles to dust.
It is a scroll of brand weapon.
You aren't carrying any weapons that can be branded.
The bullfrog is engulfed in blazing flames.
You feel much better.
The bullfrog is engulfed in blazing flames.
The bullfrog dies! 😨 HP[+24]
You regained 24 hp, and now have 37/81 hp.
Unknown command.
The efreet gestures at you. The bolt of fire hits you!!
* * * LOW HITPOINT WARNING * * *
The tree burns like a torch! 😱 HP[-24]
You take 24 damage, and now have 13/81 hp.
MASSIVE DAMAGE!! (PAUSE)
The efreet gestures at you. The bolt of fire hits you!!
You die...
Ru respects your ultimate sacrifice.

Skill      XL: |  1  2  3  4  5  6  7  8  9 10 11 |
---------------+----------------------------------+-----
Shapeshifting  | 3 4 5 6 8 9 10 11 | 11.0
Unarmed Combat | 3 4 5 6 7 8 |  8.7
Translocations | 3 |  3.3
Dodging        | 3 5 |  5.6
Fighting       | 3 5 |  5.8

Action                     |  1- 3 |  4- 6 |  7- 9 | 10-12 || total
---------------------------+-------+-------+-------+-------++-------
  Melee: Unarmed           |    79 |   249 |   419 |   292 ||  1039
         Punch             |     2 |     2 |       |       ||     4
         Headbutt          |       |       |    87 |    79 ||   166
  Evoke: Wand              |       |       |     3 |    10 ||    13
    Use: Potion            |     1 |     7 |     1 |     2 ||    11
         Scroll            |       |     9 |     5 |     3 ||    17
   Stab: Sleeping          |     1 |     1 |       |       ||     2
         Paralysed         |       |       |       |     6 ||     6
 Armour: Animal skin       |    60 |   129 |       |       ||   189
         Skin              |     7 |    31 |   163 |   124 ||   325
  Dodge: Dodged            |    60 |   134 |   247 |   196 ||   637
  Block: Other             |       |       |    37 |    46 ||    83
   Form: Flux              |       |     1 |       |       ||     1

Levels and vault maps discovered:
D:1:      doesnt_arrival_eight_statues, layout_loops_ring,
          chequers_ecumenical_altar_island, minivault_11
D:2:      layout_basic, uniq_crazy_yiuf_cottage, uniq_terence
D:3:      cheibrodos_old_hovel, layout_loops_cross,
          mainiacjoe_overflow_concentric_impassable,
          mainiacjoe_sewer_entry_somewhere_in_here_1, gammafunk_ghost_arena,
          chequers_big_river, uniq_sigmund, uniq_natasha
D:4:      layout_cave_pools, ebering_ghost_sewer_f, minivault_19
D:5:      layout_loops_ring, minmay_temple_entry_offerings
D:6:      black_bear_nest_1, layout_gridville, ashenzari_conservatory_becter,
          abandoned_shop, uniq_eustachio, uniq_edmund, uniq_prince_ribbit1
D:7:      layout_loops_cross, bh_walls_and_bars
D:8:      layout_loops_ring, mainiacjoe_overflow_cross_hatched,
          minmay_diced_spiral
D:9:      nzn_winding_woodlands_cross [nzn_winding_woodlands_5x15_longhouse,
          nzn_winding_woodlands_5x15_pockets,
          nzn_winding_woodlands_5x15_crooked,
          nzn_winding_woodlands_5x15_split_checker,
          nzn_winding_woodlands_15x15_boxy_spiral], layout_loops_ring,
          jmf_multi_god_temple
Temple:   nicolae_temple_bog_church

Notes
Turn   | Place    | Note
-------+----------+-------------------------------------------
     0 | D:1      | kae the Demonspawn Shapeshifter began the quest for the
                  | Orb.
     0 | D:1      | Reached XP level 1. HP: 15/15 MP: 1/1
     0 | D:1      | magus.rc [v1.11.3]
   152 | D:1      | Found a faded altar of an unknown god.
   160 | D:1      | Reached skill level 3 in Shapeshifting
   254 | D:1      | Gained mutation: You may rarely emit foul miasma when
                  | damaged in melee. [demonic ancestry]
   254 | D:1      | Reached XP level 2. HP: 21/21 MP: 2/2
   288 | D:1      | You pick up a book of Maladies and begin reading...
   288 | D:1      | You add the spells Sublimation of Blood, Curse of Agony and
                  | Rimeblight to your library.
   652 | D:1      | Reached skill level 3 in Unarmed Combat
   699 | D:2      | Noticed Terence
   709 | D:2      | Killed Terence
   710 | D:2      | Reached XP level 3. HP: 19/26 MP: 3/3
   879 | D:2      | HP: 6/26 [poisoned by an adder]
   884 | D:2      | HP: 2/26 [poisoned by an adder]
  1126 | D:2      | Gained mutation: You are partially covered in thin metallic
                  | scales. (AC +2) [demonic ancestry]
  1126 | D:2      | Reached XP level 4. HP: 13/32 MP: 4/4
  1245 | D:2      | You pick up a book of Spatial Translocations and begin
                  | reading...
  1245 | D:2      | You add the spells Blink, Momentum Strike and Lesser
                  | Beckoning to your library.
  1365 | D:2      | Found a runed translucent door.
  1366 | D:2      | Noticed Crazy Yiuf
  1935 | D:3      | Found a transporter.
  1985 | D:3      | Reached skill level 4 in Shapeshifting
  2015 | D:3      | Found a transporter.
  2015 | D:3      | Noticed Autsider's ghost (amateur VSBe)
  2065 | D:3      | Noticed Natasha
  2177 | D:3      | Found a glowing drain.
  2204 | Sewer    | Entered a sewer
  2300 | Sewer    | HP: 5/32 [river rat (8)]
  2304 | Sewer    | Reached XP level 5. HP: 4/37 MP: 5/5
  2335 | Sewer    | HP: 8/37 [rat (2)]
  2601 | Sewer    | HP: 7/37 [kobold brigand/+0 club (7)]
  2602 | Sewer    | HP: 1/55 [kobold brigand/+0 club (7)]
  2607 | Sewer    | Reached skill level 4 in Unarmed Combat
  2607 | Sewer    | Gained mutation: You are mostly covered in thin metallic
                  | scales. (AC +3) [demonic ancestry]
  2607 | Sewer    | Reached XP level 6. HP: 7/43 MP: 6/6
  2855 | Sewer    | Reached skill level 5 in Shapeshifting
  3523 | D:3      | Noticed Sigmund
  3541 | D:3      | Killed Sigmund
  4017 | D:4      | Found a runed translucent door.
  4020 | D:4      | Noticed hsi's ghost (amateur DjAl)
  4144 | D:5      | Entered Level 5 of the Dungeon
  4223 | D:5      | Noticed an ice beast
  4233 | D:5      | Killed an ice beast
  4234 | D:5      | Gained mutation: You have a pair of small horns on your
                  | head. [demonic ancestry]
  4234 | D:5      | Reached XP level 7. HP: 41/48 MP: 7/7
  4364 | D:4      | Reached skill level 6 in Shapeshifting
  4390 | D:4      | Reached skill level 5 in Unarmed Combat
  4875 | D:4      | Found a runed translucent door.
  4900 | D:4      | Identified the +5 scale mail "Aralaguxa" {rF+ Regen+ Int-5
                  | Slay+3}
  5121 | D:5      | Learned a level 2 spell: Blink
  5155 | D:5      | You add the spells Teleport Other, Gell's Gavotte and
                  | Dispersal to your library.
  5187 | D:5      | Found a staircase to the Ecumenical Temple.
  5196 | D:5      | Gained mutation: A meltable shield of frost defends you.
                  | (SH +0) [demonic ancestry]
  5196 | D:5      | Reached XP level 8. HP: 36/54 MP: 8/8
  5300 | D:5      | You pick up a book of the Hunter and begin reading...
  5300 | D:5      | You add the spells Sigil of Binding, Call Canine Familiar
                  | and Dimensional Bullseye to your library.
  5393 | D:5      | Reached skill level 1 in Translocations
  5393 | D:5      | Reached skill level 7 in Shapeshifting
  5597 | D:5      | Identified the ring of Pragmatism {+Blink rPois Int+3}
  5609 | D:5      | Identified a +0 crystal plate armour
  5610 | D:5      | w - a +0 crystal plate armour {rare}
  5872 | D:5      | Reached skill level 6 in Unarmed Combat
  5872 | D:5      | Reached skill level 2 in Translocations
  6245 | Temple   | Entered the Ecumenical Temple
  6327 | D:6      | Noticed Prince Ribbit
  6328 | D:6      | Noticed Eustachio
  6344 | D:5      | Killed Eustachio
  6358 | D:6      | Killed Prince Ribbit
  6359 | D:6      | Reached skill level 3 in Translocations
  6359 | D:6      | Reached skill level 8 in Shapeshifting
  6359 | D:6      | Reached XP level 9. HP: 48/59 MP: 9/9
  6642 | D:6      | Reached skill level 2 in Dodging
  6980 | D:6      | Reached skill level 2 in Fighting
  7030 | D:6      | Noticed Edmund
  7037 | D:6      | Killed Edmund
  7038 | D:6      | Reached skill level 7 in Unarmed Combat
  7158 | D:6      | Found a broken altar of Ashenzari.
  7368 | D:6      | Reached skill level 9 in Shapeshifting
  7563 | D:6      | Learned a level 2 spell: Lesser Beckoning
  7597 | D:7      | Reached skill level 3 in Dodging
  7684 | D:7      | You pick up a book of the Earth and begin reading...
  7684 | D:7      | You add the spells Leda's Liquefaction, Lee's Rapid
                  | Deconstruction and Permafrost Eruption to your library.
  7823 | D:7      | Reached skill level 3 in Fighting
  8315 | D:7      | You pick up a book of Frost and begin reading...
  8315 | D:7      | You add the spells Freeze, Frozen Ramparts and Hailstorm to
                  | your library.
  8338 | D:7      | Gained mutation: A meltable icy envelope protects you from
                  | harm. (AC +0) [demonic ancestry]
  8338 | D:7      | Reached XP level 10. HP: 67/70 MP: 10/10
  8405 | D:7      | Identified the +1 cloak of Impatience {rPois Str+3}
  8711 | D:8      | Learned a level 2 spell: Momentum Strike
  8824 | D:8      | Found a blossoming altar of Fedhas.
  8990 | D:8      | Reached skill level 4 in Fighting
  8990 | D:8      | Reached skill level 4 in Dodging
  9147 | D:8      | You pick up a book of Burglary and begin reading...
  9147 | D:8      | You add the spells Ensorcelled Hibernation, Swiftness and
                  | Passwall to your library.
  9168 | D:8      | You pick up a book of Fire and begin reading...
  9168 | D:8      | You add the spells Foxfire, Plasma Beam and Starburst to
                  | your library.
  9243 | D:8      | Reached skill level 10 in Shapeshifting
  9758 | D:9      | Noticed a two-headed ogre
  9771 | D:9      | Killed a two-headed ogre
  9772 | D:9      | Reached skill level 8 in Unarmed Combat
  9990 | D:9      | Noticed a two-headed ogre
 10158 | D:9      | Reached skill level 5 in Fighting
 10167 | D:9      | Killed a two-headed ogre
 10168 | D:9      | Reached skill level 5 in Dodging
 10176 | D:9      | Reached XP level 11. HP: 24/80 MP: 11/11
 10479 | D:9      | You pick up a book of Transmutation and begin reading...
 10479 | D:9      | You add the spells Petrify, Irradiate and Fulsome Fusillade
                  | to your library.
 10993 | D:9      | Found a hide-covered altar of Uskayaw.
 10993 | D:9      | Found a sacrificial altar of Ru.
 11538 | D:9      | Reached skill level 11 in Shapeshifting
 11634 | D:9      | Became a worshipper of Ru the Awakened
 11847 | D:9      | HP: 13/81 [efreet/fireball (19)]
 11851 | D:9      | Killed from afar by an efreet

Vanquished Creatures
  2 two-headed ogres (D:9)
  An efreet (D:9)
  A troll (D:8)
  Prince Ribbit (D:6)
  2 hornets (D:9)
  Sigmund (D:3)
  2 wyverns
  A vampire (D:9)
  Eustachio (D:5)
  11 yaks
  A steam dragon (D:6)
  Edmund (D:6)
  3 acid dragons (D:9)
  4 water moccasins
  3 orc warriors (D:9)
  A sky beast (D:6)
  2 ice beasts
  2 ogres
  3 black bears
  2 centaurs
  3 phantoms
  6 kobold brigands
  9 bullfrogs
  2 scorpions
  A gnoll sergeant (D:9)
  11 wights
  A killer bee (D:9)
  9 howler monkeys
  2 gnoll boudas
  8 orc priests
  4 hounds
  A jelly (D:6)
  2 sleepcaps
  Terence (D:2)
  3 iguanas
  7 orc wizards
  7 gnolls
  20 adders
  3 river rats (Sewer)
  2 ufetubi (D:6)
  A dart slug (D:2)
  2 ribbon worms (D:3)
  28 orcs
  13 ball pythons
  An endoplasm (D:4)
  5 giant cockroaches
  A goblin (D:2)
  4 hobgoblins
  7 jackals
  29 kobolds
  3 quokkas
  10 bats
  6 frilled lizards
  27 rats
284 creatures vanquished.

Vanquished Creatures (others)
  A bullfrog (D:9)
  An orc wizard (D:9)
2 creatures vanquished.

Grand Total: 286 creatures vanquished

Table legend:
 A = Non-vault XP
 B = Vault XP
 C = Vault XP percentage of total XP
 D = Non-vault monster count
 E = Vault monster count
 F = Vault count percentage of total count
                 A         B        C        D         E       F
            +---------+---------+-------+---------+---------+-------
      Total |   10815 |    3670 |  25.3 |     208 |      76 |  26.8
            +---------+---------+-------+---------+---------+-------
        D:1 |      21 |       0 |   0.0 |      13 |       0 |   0.0
        D:2 |      70 |      36 |  34.0 |      15 |       1 |   6.2
        D:3 |      63 |     258 |  80.4 |      14 |       7 |  33.3
        D:4 |     480 |       0 |   0.0 |      24 |       0 |   0.0
        D:5 |     967 |     202 |  17.3 |      27 |       1 |   3.6
        D:6 |    1577 |     563 |  26.3 |      32 |       3 |   8.6
        D:7 |    1513 |       0 |   0.0 |      31 |       0 |   0.0
        D:8 |    1967 |     457 |  18.9 |      26 |       4 |  13.3
        D:9 |    4157 |    1921 |  31.6 |      26 |      15 |  36.6
      Sewer |       0 |     233 | 100.0 |       0 |      45 | 100.0
            +---------+---------+-------+---------+---------+-------

Skill      XL: |  1  2  3  4  5  6  7  8  9 10 11 |
---------------+----------------------------------+-----
Shapeshifting  | 3 4 5 6 8 9 10 11 | 11.0
Unarmed Combat | 3 4 5 6 7 8 |  8.7
Translocations | 3 |  3.3
Dodging        | 3 5 |  5.6
Fighting       | 3 5 |  5.8

Action                     |  1- 3 |  4- 6 |  7- 9 | 10-12 || total
---------------------------+-------+-------+-------+-------++-------
  Melee: Unarmed           |    79 |   249 |   419 |   292 ||  1039
         Punch             |     2 |     2 |       |       ||     4
         Headbutt          |       |       |    87 |    79 ||   166
  Evoke: Wand              |       |       |     3 |    10 ||    13
    Use: Potion            |     1 |     7 |     1 |     2 ||    11
         Scroll            |       |     9 |     5 |     3 ||    17
   Stab: Sleeping          |     1 |     1 |       |       ||     2
         Paralysed         |       |       |       |     6 ||     6
 Armour: Animal skin       |    60 |   129 |       |       ||   189
         Skin              |     7 |    31 |   163 |   124 ||   325
  Dodge: Dodged            |    60 |   134 |   247 |   196 ||   637
  Block: Other             |       |       |    37 |    46 ||    83
   Form: Flux              |       |     1 |       |       ||     1

Illustrated notes

Table legend:
 A = Kills in this place as a percentage of kills in the entire game.
 B = Kills by you in this place as a percentage of kills by you in the entire game.
 C = Kills by friends in this place as a percentage of kills by friends in the entire game.
 D = Other kills in this place as a percentage of other kills in the entire game.
 E = Experience gained in this place as a percentage of experience gained in the entire game.
 F = Experience gained in this place divided by the number of levels of this place that you have seen.
                   A       B       C       D       E      F
               +-------+-------+-------+-------+-------+----------------------
         Total | 100.0 | 100.0 |   N/A |   N/A | 100.0 | 1316.8
       Dungeon |  84.2 |  84.2 |   N/A |   N/A |  98.4 | 1583.6
         Sewer |  15.8 |  15.8 |   N/A |   N/A |   1.6 | 233.0
               +-------+-------+-------+-------+-------+----------------------

Table legend: (Time is in decaauts)
 A = Elapsed time spent in this place.
 B = Non-inter-level travel time spent in this place.
 C = Inter-level travel time spent in this place.
 D = Time resting spent in this place.
 E = Time spent auto-exploring this place.
 F = Levels seen in this place.
 G = Mean time per level.
                   A        B        C        D        E       F      G
               +--------+--------+--------+--------+--------+-----+--------+
         Total |  11796 |  11418 |    378 |   1461 |   7741 |  11 | 1072.4 |
       Dungeon |  10680 |  10304 |    376 |   1140 |   7236 |   9 | 1186.7 |
        Temple |      1 |      0 |      1 |      0 |      0 |   1 |    1.0 |
         Sewer |   1114 |   1114 |      0 |    321 |    504 |   1 | 1114.0 |
               +--------+--------+--------+--------+--------+-----+--------+

Top non-repeatable levels by time:
     D:8: 1607 daAuts
     D:9: 1522 daAuts
     D:5: 1461 daAuts
     D:6: 1258 daAuts
     D:2: 1248 daAuts
   Sewer: 1114 daAuts
     D:7: 1099 daAuts
     D:3: 910 daAuts
     D:4: 883 daAuts
     D:1: 687 daAuts
  Temple: 1 daAuts
